 Dungeon Crawl Stone Soup version 0.22-a0-608-g8a62e23 (webtiles) character file.

88 kae the Slasher (level 4, -8/40 HPs)
             Began as a Minotaur Berserker on July 9, 2018.
             Was a Believer of Trog.
             Mangled by a gnoll
             ... wielding a +0 halberd
              (11 damage)
             ... on level 2 of the Dungeon.
             The game lasted 00:00:54 (1234 turns).

kae the Slasher (Minotaur Berserker)                Turns: 1234, Time: 00:00:55

Health: -8/40      AC:  2    Str: 22    XL:     4   Next: 30%
Magic:  3/3        EV: 18    Int:  5    God:    Trog [**....]
Gold:   110        SH:  0    Dex: 14    Spells: 3/3 levels left

rFire    . . .     SeeInvis .   a - +0 falchion
rCold    . . .     Gourm    .   (no shield)
rNeg     . . .     Faith    .   b - +0 animal skin
rPois    .         Spirit   .   (helmet restricted)
rElec    .         Reflect  .   (no cloak)
rCorr    .         Harm     .   (no gloves)
MR       .....                  (no boots)
Stlth    ++........             (no amulet)
HPRegen  0.13/turn              (no ring)
MPRegen  0.08/turn              (no ring)

@: agile, berserk cooldown, slowed, very slow
A: retaliatory headbutt, horns 2
a: Berserk, Trog's Hand, Renounce Religion


You were on level 2 of the Dungeon.
You worshipped Trog.
Trog was pleased with you.
You were hungry.

You visited 1 branch of the dungeon, and saw 2 of its levels.

You collected 110 gold pieces.

Inventory:

Hand Weapons
 a - a +0 falchion (weapon)
Armour
 b - a +0 animal skin (worn)
Jewellery
 e - an uncursed ring of positive energy {unknown}
Scrolls
 f - a scroll of noise {unknown}
 g - a scroll of teleportation {unknown}
 i - 2 scrolls of amnesia {unknown}
 j - a scroll of enchant weapon {unknown}
 k - a scroll of identify {unknown}
Potions
 h - 2 potions of curing
Comestibles
 c - 2 rations


   Skills:
 + Level 4.2 Fighting
 * Level 4.8 Long Blades
 + Level 3.2 Armour
 + Level 3.0 Dodging


You had 3 spell levels left.
You didn't know any spells.
Your spell library was empty.

Dungeon Overview and Level Annotations

Branches:
Dungeon (2/15)

Altars:


Innate Abilities, Weirdness & Mutations

You reflexively headbutt those who attack you in melee.
You have a pair of horns on your head.


Message History

The gnoll is moderately wounded.
The gnoll hits you from afar with a halberd!
The gnoll closely misses you. You furiously retaliate!
You headbutt the gnoll!
You kill the gnoll!
Trog accepts your kill. The gnoll misses you.
You hit the hobgoblin but do no damage. The hobgoblin misses you.
The gnoll barely misses you. The hobgoblin completely misses you.
You riposte.
You closely miss the hobgoblin. Your headbutt misses the hobgoblin.
You hit the hobgoblin but do no damage. The gnoll closely misses you.
The hobgoblin hits you.
You hit the hobgoblin but do no damage.
You kill the hobgoblin!
Trog accepts your kill.
The gnoll hits you from afar with a halberd!
* * * LOW HITPOINT WARNING * * *
The gnoll barely misses you. You furiously retaliate!
You headbutt the gnoll, but do no damage.
The gnoll hits you with a halberd!
You die...

##+# #.# #...# #.#
...!.# ### #.# ......#
##.###.#
......g####...##.#
.......@).....>#.#
.......####...##.#
......# ##.###.# .....#
##....# #...# #.####
##+# #.# ###.#######.#
#.#
....##......##########.#
#.####.......#.......#.#


You could see a gnoll.

Vanquished Creatures
  3 gnolls (D:2)
  An adder (D:2)
  An ooze (D:1)
  2 dart slugs
  A leopard gecko (D:2)
  2 ball pythons (D:1)
  7 goblins
  4 hobgoblins
  4 jackals (D:2)
  5 bats
  3 frilled lizards
  7 kobolds
  3 rats
43 creatures vanquished.

Notes
Turn   | Place    | Note
-------+----------+-------------------------------------------
     0 | D:1      | kae the Minotaur Berserker began the quest for the Orb.
     0 | D:1      | Reached XP level 1. HP: 19/19 MP: 0/0
   331 | D:1      | Reached XP level 2. HP: 25/27 MP: 1/1
   920 | D:2      | Reached XP level 3. HP: 30/33 MP: 2/2
   990 | D:2      | Reached ** piety under Trog
  1224 | D:2      | Reached XP level 4. HP: 40/40 MP: 3/3
  1234 | D:2      | Mangled by a gnoll

Vault maps used:
D:1:      dpeg_arrival_prison
D:2:      minmay_pentomino_o4, uniq_sigmund

Skill      XL: |  1  2  3 |
---------------+----------+-----
Long Blades    | 4 |  4.8
Fighting       | 4 |  4.2
Armour         | 3 |  3.2
Dodging        | 3 |  3.0

Action                   |  1- 3 |  4- 6 || total
-------------------------+-------+-------++-------
Melee: Falchion          |    56 |     8 ||    64
       Headbutt          |    14 |     2 ||    16
Invok: Berserk           |     3 |       ||     3
  Use: Potion            |     3 |       ||     3
  Eat: Chunk             |     3 |       ||     3
Armor: Animal skin       |     4 |       ||     4
Dodge: Dodged            |    56 |    13 ||    69
       Rpst.: Falchion   |    23 |     2 ||    25

Table legend:
 A = Spawn XP
 B = Non-spawn XP
 C = Spawn XP percentage of total XP
 D = Spawn monster count
 E = Non-spawn monster count
 F = Spawn count percentage of total count
 G = Total turns spent on level
                    A         B        C        D         E        F      G
               +---------+---------+-------+---------+---------+-------+---------
         Total |       0 |     127 |   0.0 |       0 |      43 |   0.0 |  1234
               +---------+---------+-------+---------+---------+-------+---------
           D:1 |       0 |      28 |   0.0 |       0 |      15 |   0.0 |   843
           D:2 |       0 |      99 |   0.0 |       0 |      28 |   0.0 |   391
               +---------+---------+-------+---------+---------+-------+---------
